Map: Eternal Empire LE

Players

Neeb - Winner!

  • Race: Protoss Protoss
  • Spawn Location: 1:00

INnoVation

  • Race: Terran Terran
  • Spawn Location: 7:00

Event: StayAtHomestory Cup #2

VOD

Have the link to the VOD?

Description

Time

  • Played on: June 12, 2020, 9:28 a.m.
  • Length: 17:49

All games in this series

Show
View Real Time Build Order
Export as new Build Order

Neeb Protoss - Winner!

Build Orders: 1 Gate Expand, Oracle Opening, Phoenix Opening, Carriers, Colossus Rush 

Get SALT Encoding   

  12  0:00  Probe  
  13  0:12  Probe  
  14  0:17  Pylon  
  14  0:23  Probe  
  15  0:31  Probe  
  15  0:37  Gateway  
  15  0:40  Probe  
  16  0:46  Assimilator  
  17  0:51  Probe  
  18  1:03  Probe  
  19  1:15  Probe  
  20  1:22  Nexus  
  20  1:33  Cybernetics Core  
  20  1:35  Probe  
  21  1:42  Assimilator  
  21  1:47  Probe  
  21  1:50  Pylon  
  22  1:56  Probe  
  22  2:00  Stalker  
  23  2:04  Probe  
  24  2:13  Probe  
  27  2:25  Probe  
  27  2:27  Stargate  
  28  2:32  Probe  
  28  2:36  Adept  
  31  2:37  Probe  
  31  2:40  Probe  
  31  2:41  Warp Gate  
  33  2:48  Probe  
  33  2:50  Probe  
  35  3:00  Oracle  
  35  3:01  Probe  
  35  3:02  Probe  
  40  3:13  Probe  
  40  3:14  Probe  
  40  3:16  Pylon  
  42  3:25  Probe  
  42  3:26  Probe  
  44  3:27  Assimilator  
  44  3:31  Assimilator  
  44  3:32  Phoenix  
  44  3:33  Gateway  
  44  3:35  Pylon  
  44  3:37  Probe  
  44  3:39  Probe  
  48  3:43  Adept  
  50  3:49  Probe  
  50  3:50  Pylon  
  50  3:52  Probe, Phoenix  
  52  4:01  Probe  
  55  4:04  Robotics Facility  
  55  4:05  Probe  
  56  4:13  Probe, Phoenix  
  57  4:17  Probe  
  60  4:25  Probe  
  60  4:26  Pylon  
  60  4:29  Probe  
  62  4:33  Sentry  
  62  4:37  Probe  
  65  4:40  Nexus  
  65  4:45  Probe  
  66  4:48  Phoenix  
  66  4:51  Pylon  
  66  4:52  Observer  
  69  4:55  Robotics Bay  
  69  4:57  Probe  
  69  4:58  Probe  
  71  5:00  Shield Battery  
  71  5:03  Pylon  
  71  5:09  Probe  
  71  5:13  Probe  
  71  5:14  Observer  
  74  5:17  Phoenix  
  77  5:21  Probe  
  77  5:22  Stalker  
  77  5:23  Zealot  
  77  5:27  Assimilator  
  81  5:29  Probe  
  81  5:31  Colossus  
  81  5:32  Assimilator  
  81  5:33  Pylon  
  81  5:34  Probe  
  83  5:48  Adept x2  
  93  5:51  Phoenix  
  93  5:54  Pylon  
  95  6:00  Probe x2, Pylon  
  97  6:11  Shield Battery  
  97  6:12  Stalker x2  
  97  6:13  Colossus  
  97  6:14  Pylon  
  107  6:31  Extended Thermal Lance  
  105  6:34  Probe x2  
  105  6:36  Phoenix  
  105  6:37  Probe  
  110  6:46  Probe x2, Stalker x2  
  107  6:49  Probe  
  107  6:51  Pylon  
  107  6:52  Pylon  
  107  6:53  Pylon  
  108  6:54  Shield Battery  
  108  6:58  Probe x2  
  108  7:01  Phoenix  
  108  7:04  Colossus  
  116  7:08  Probe  
  116  7:10  Probe x2, Pylon  
  116  7:12  Adept  
  116  7:13  Adept  
  123  7:16  Observer  
  123  7:24  Phoenix  
  123  7:26  Pylon  
  123  7:27  Gateway  
  123  7:29  Gateway  
  125  7:34  Protoss Air Weapons Level 1  
  125  7:39  Fleet Beacon  
  125  7:42  Zealot x2  
  123  7:53  Phoenix  
  119  8:02  Stalker  
  119  8:03  Stalker  
  117  8:10  Probe x2, Phoenix  
  116  8:13  Colossus  
  116  8:15  Stargate  
  116  8:17  Probe  
  119  8:20  Nexus  
  119  8:22  Probe  
  126  8:29  Shield Battery  
  126  8:33  Forge  
  126  8:34  Anion Pulse-Crystals  
  126  8:35  Phoenix  
  126  8:37  Probe x2  
  126  8:39  Pylon  
  130  8:45  Probe  
  131  8:54  Probe  
  131  8:55  Probe  
  133  8:58  Probe  
  133  9:00  Phoenix  
  133  9:01  Zealot, Phoenix, Assimilator  
  138  9:04  Sentry  
  138  9:06  Assimilator  
  138  9:08  Protoss Shields Level 1  
  138  9:09  Disruptor, Pylon  
  140  9:13  Adept, Photon Cannon  
  140  9:15  Adept  
  140  9:16  Photon Cannon  
  149  9:25  Phoenix  
  149  9:29  Phoenix  
  149  9:30  Adept  
  155  9:45  Carrier, Pylon  
  155  9:48  Disruptor  
  155  9:49  Protoss Air Weapons Level 2  
  155  9:51  Pylon  
  158  10:00  Shield Battery  
  158  10:03  Photon Cannon  
  158  10:04  Carrier  
  158  10:05  Photon Cannon  
  164  10:11  Adept x2, Zealot  
  164  10:12  Zealot  
  174  10:21  Disruptor  
  173  10:36  Stargate  
  173  10:40  Stargate, Carrier  
  173  10:46  Photon Cannon x2  
  173  10:47  Photon Cannon  
  173  10:48  Photon Cannon  
  173  10:49  Disruptor  
  173  10:50  Photon Cannon  
  179  10:59  Carrier  
  180  11:06  Nexus, Carrier  
  186  11:12  Pylon  
  186  11:23  Unknown, Carrier  
  192  11:25  Pylon  
  192  11:26  Photon Cannon  
  192  11:27  Photon Cannon  
  192  11:30  Photon Cannon  
  192  11:31  Pylon  
  198  11:50  Twilight Council  
  198  12:05  Robotics Facility  
  198  12:06  Photon Cannon  
  198  12:08  Photon Cannon  
  196  12:28  Carrier  
  196  12:29  Carrier  
  190  12:32  Protoss Shields Level 2  
  200  12:38  Photon Cannon  
  200  12:39  Photon Cannon  
  200  12:40  Photon Cannon  
  200  12:41  Photon Cannon  
  200  12:42  Shield Battery  
  200  12:43  Photon Cannon  
  200  12:44  Protoss Air Weapons Level 3, Shield Battery  
  198  12:46  Shield Battery  
  198  12:47  Templar Archives  
  198  12:48  Dark Shrine, Photon Cannon  
  198  13:04  Carrier  
  194  13:15  Psionic Storm  
  200  13:24  Photon Cannon  
  200  13:25  Pylon  
  192  13:44  Disruptor, Carrier  
  192  13:47  Nexus  
  169  13:53  Carrier x2  
  169  13:54  Disruptor  
  164  14:06  Sentry x2  
  164  14:07  High Templar x2, Carrier  
  172  14:13  Disruptor  
  178  14:20  Disruptor  
  184  14:31  Zealot  
  184  14:35  High Templar  
  184  14:38  Carrier  
  188  14:46  Disruptor  
  197  14:56  Disruptor  
  196  15:15  Assimilator  
  196  15:18  Pylon  
  196  15:19  Assimilator  
  196  15:23  Pylon  
  196  15:25  Dark Templar x2  
  189  15:46  Mothership  
  197  15:53  Pylon  
  197  15:56  Dark Templar  
  196  16:12  Nexus  
  196  16:22  High Templar  
  196  16:23  High Templar  
  200  16:25  Pylon  
  200  16:31  Photon Cannon  
  200  16:32  Photon Cannon  
  200  16:33  Pylon x2  
  200  16:37  Photon Cannon  
  200  16:38  Photon Cannon  
  198  16:45  Dark Templar  
  195  17:04  Assimilator  
  195  17:05  Assimilator  
  186  17:10  High Templar  
  186  17:11  Disruptor x2, High Templar  
  194  17:30  Dark Templar  
Show
View Real Time Build Order
Export as new Build Order

INnoVation Terran 

Build Orders: Reaper Expand 

Get SALT Encoding   

  12  0:00  SCV  
  13  0:13  SCV  
  14  0:17  Supply Depot  
  14  0:25  SCV  
  15  0:38  SCV  
  15  0:40  Barracks  
  16  0:44  Refinery  
  16  0:50  SCV  
  17  1:02  SCV  
  18  1:15  SCV  
  19  1:27  Orbital Command  
  19  1:28  Reaper  
  20  1:50  Command Center  
  20  1:53  SCV  
  21  1:56  Supply Depot  
  21  1:59  Marine  
  22  2:05  SCV  
  23  2:09  Factory  
  23  2:16  Refinery  
  23  2:18  SCV  
  23  2:22  Barracks Reactor  
  24  2:30  SCV  
  25  2:42  SCV  
  26  2:53  Starport  
  26  2:54  SCV  
  26  2:55  Factory Tech Lab  
  27  3:00  Barracks  
  27  3:02  Orbital Command  
  27  3:03  Marine  
  27  3:04  Marine  
  29  3:07  SCV  
  30  3:19  SCV  
  31  3:21  Marine  
  31  3:22  Marine  
  31  3:24  Factory Tech Lab  
  33  3:28  SCV  
  33  3:31  SCV, Barracks  
  35  3:35  Raven  
  35  3:39  Marine  
  35  3:40  Marine  
  39  3:42  SCV  
  39  3:43  SCV  
  39  3:46  Supply Depot  
  41  3:54  SCV  
  41  3:55  SCV  
  43  3:58  Engineering Bay  
  43  3:59  Refinery  
  43  4:01  Stimpack  
  43  4:06  Factory Reactor  
  43  4:07  SCV x2  
  44  4:12  Marine x2  
  44  4:13  Marine  
  45  4:21  SCV x2  
  46  4:33  SCV x2  
  46  4:34  Starport Reactor  
  46  4:36  Marine  
  46  4:37  Marine x3  
  52  4:39  Terran Infantry Weapons Level 1, Supply Depot  
  52  4:45  SCV x2, Combat Shield  
  52  4:48  Supply Depot  
  52  4:52  Missile Turret  
  53  4:57  SCV  
  54  5:00  SCV  
  54  5:01  Supply Depot  
  54  5:05  Marauder x2  
  59  5:10  SCV  
  59  5:11  Supply Depot  
  59  5:12  SCV  
  61  5:15  Medivac  
  61  5:17  Medivac  
  65  5:23  SCV, Supply Depot  
  65  5:25  SCV  
  67  5:29  Widow Mine  
  67  5:30  Supply Depot  
  67  5:31  Widow Mine  
  71  5:36  SCV  
  71  5:37  SCV  
  71  5:39  Refinery  
  73  5:43  Marauder x2  
  73  5:45  Marine x2  
  79  5:51  SCV x2  
  79  5:55  Medivac x2  
  79  5:56  Supply Depot  
  85  6:05  Marine x2, Marauder x2  
  85  6:06  Widow Mine  
  85  6:08  Widow Mine  
  95  6:14  Supply Depot  
  95  6:17  Concussive Shells  
  95  6:25  Marine x2  
  97  6:26  Marauder x2  
  101  6:33  Widow Mine x2  
  101  6:37  Terran Infantry Armor Level 1  
  92  6:47  Marine x2  
  92  6:48  Marauder x2  
  92  6:51  Command Center  
  92  6:53  Medivac x2  
  102  6:59  Widow Mine x2  
  106  7:05  SCV x2, Supply Depot  
  108  7:17  SCV x2  
  108  7:19  Barracks  
  108  7:20  Barracks, Marauder x2  
  108  7:21  Marine x2  
  116  7:29  SCV  
  118  7:30  SCV  
  118  7:31  Supply Depot  
  118  7:41  SCV, Marauder x2  
  118  7:42  SCV  
  124  7:44  Viking  
  124  7:47  Viking  
  121  7:56  Marine x2  
  114  7:59  SCV  
  114  8:00  SCV  
  114  8:03  Marauder x2  
  109  8:12  SCV x2  
  101  8:14  Viking  
  101  8:15  Armory  
  101  8:16  Engineering Bay  
  101  8:17  Viking  
  105  8:23  Orbital Command  
  105  8:25  SCV x2  
  105  8:27  Barracks Tech Lab  
  105  8:40  Refinery  
  105  8:41  Refinery  
  105  8:44  Viking, Marauder x2  
  105  8:46  Marine x2  
  105  8:47  Marine x2, Viking  
  117  8:51  SCV  
  117  8:52  SCV x2  
  117  9:02  Ghost Academy  
  117  9:04  SCV x3  
  117  9:05  Terran Infantry Armor Level 2, Terran Infantry Weapons Level 2  
  117  9:07  Terran Ship Weapons Level 1  
  119  9:14  Medivac  
  119  9:15  Marine x4  
  119  9:16  Medivac  
  127  9:20  Supply Depot  
  127  9:21  Supply Depot  
  127  9:22  Marauder  
  127  9:23  Marauder x2  
  133  9:26  SCV  
  133  9:27  SCV x2  
  135  9:34  Marine x4  
  139  9:43  Missile Turret, Ghost x3  
  139  9:44  Supply Depot  
  145  9:49  Enhanced Shockwaves  
  145  9:50  Supply Depot  
  145  9:54  Viking  
  145  9:57  Viking  
  148  10:04  Command Center  
  148  10:05  Marine x4  
  151  10:17  Missile Turret  
  149  10:23  Viking  
  149  10:27  Viking  
  148  10:31  SCV x3  
  148  10:32  Missile Turret  
  147  10:35  Ghost x2  
  147  10:36  Ghost  
  147  10:38  Marine  
  147  10:39  Marine x3  
  157  10:43  SCV x3  
  157  10:48  Factory Reactor  
  160  10:52  Starport  
  160  10:54  Viking  
  162  10:57  Viking  
  164  11:09  Marauder x3  
  164  11:10  Marine x4  
  174  11:15  SCV x3  
  177  11:19  Supply Depot  
  177  11:24  Terran Infantry Weapons Level 3  
  177  11:29  SCV, Terran Infantry Armor Level 3  
  177  11:30  SCV  
  179  11:36  Medivac  
  181  11:46  Barracks x2  
  181  11:49  Barracks  
  181  11:51  Planetary Fortress  
  181  11:53  Unknown  
  180  11:58  Missile Turret  
  179  12:02  Marine x4  
  179  12:05  Terran Ship Weapons Level 2  
  179  12:06  Ghost  
  185  12:08  Ghost  
  185  12:12  Marauder  
  188  12:20  Marine  
  188  12:26  SCV x3  
  190  12:31  Marine  
  190  12:32  Marine x2  
  190  12:33  Marauder  
  190  12:35  Marine  
  190  12:38  Barracks Tech Lab x2  
  190  12:39  Barracks Reactor  
  190  12:42  Ghost  
  190  12:43  Missile Turret, Marine  
  193  12:47  Command Center  
  193  12:49  Marine x3  
  196  12:52  Ghost  
  196  12:53  Medivac  
  184  13:06  Viking x2  
  184  13:10  Ghost x3, Viking  
  184  13:11  Marine x4, Marauder  
  181  13:17  Marine x2  
  183  13:22  Marauder  
  183  13:23  Viking  
  187  13:29  Marine x4  
  187  13:32  Ghost  
  191  13:36  Viking x2  
  191  13:38  Ghost  
  191  13:40  Viking  
  191  13:46  Marine  
  191  13:47  Ghost x2  
  191  13:48  Marine x5  
  155  13:50  Marauder  
  147  13:56  Medivac  
  147  14:01  SCV x2, Marauder  
  147  14:02  SCV x2  
  155  14:04  Marine, Planetary Fortress  
  155  14:06  Marine x3, Medivac  
  155  14:08  Marauder  
  163  14:10  Medivac  
  163  14:16  Medivac  
  167  14:17  SCV x3  
  167  14:19  Refinery  
  167  14:22  Marine x2  
  167  14:24  Marine  
  172  14:25  Marine  
  172  14:26  Medivac  
  172  14:27  Marine  
  172  14:31  Missile Turret, Ghost  
  177  14:34  Refinery  
  177  14:36  Ghost x2  
  183  14:41  Personal Cloaking  
  183  14:44  Marine x3  
  183  14:45  Marine  
  187  14:48  SCV  
  187  14:49  SCV x2  
  187  14:50  SCV x2  
  192  14:58  Medivac  
  192  14:59  Medivac  
  195  15:00  Ghost  
  195  15:01  Ghost  
  195  15:06  Ghost  
  198  15:18  Ghost  
  200  15:25  Command Center  
  180  15:39  Ghost x4  
  180  15:42  Marine x4  
  160  15:47  Ghost  
  160  15:48  Medivac x2  
  160  15:49  Marine x2  
  145  15:58  Medivac x2  
  145  16:00  Marine x4  
  149  16:06  Marine  
  149  16:07  Marine  
  149  16:08  Ghost, Marauder x2  
  149  16:09  Marauder  
  157  16:18  Viking x2  
  161  16:19  Marine x3  
  161  16:20  Marine  
  161  16:21  Ghost  
  161  16:24  Marine x2  
  168  16:28  Viking x2  
  168  16:29  Marine  
  168  16:30  Marauder x2  
  177  16:37  Marine  
  177  16:39  Marine  
  169  16:40  Marine x2  
  169  16:41  Marine  
  169  16:42  Marine, Planetary Fortress  
  169  16:46  Missile Turret  
  168  16:47  Ghost  
  168  16:48  Medivac x2  
  168  16:50  Marine  
  168  16:52  Marine x2, Marauder  
  179  16:57  Marine x2  
  179  16:58  Viking x2, Marine x2  
  179  17:00  Marine  
  142  17:10  Ghost x2, Marine  
  142  17:11  Marauder  
  142  17:14  Marauder  
  142  17:15  Marine x3  
  146  17:17  SCV x4  
  146  17:18  SCV, Viking  
  160  17:31  SCV x3  
Tags
 
Add a new tag
Caveats
  • Supply blocks, unpowered buildings, or Contaminate may cause inaccurate times.
  • Supply counts are checked every 10 seconds.